 Dungeon Crawl Stone Soup version 0.25-a0-566-g062765be81 (webtiles) character file.

Game seed: 785414089779139185, levelgen mode: deterministic

14424 Razoi the Blocker (level 12, 0/99 HPs)
             Began as a Formicid Fighter on Feb 27, 2020.
             Slain by a manticore (6 damage)
             ... on level 10 of the Dungeon.
             The game lasted 01:26:49 (12427 turns).

Razoi the Blocker (Formicid Fighter)               Turns: 12427, Time: 01:26:52

Health: 0/99       AC: 17    Str: 26    XL:     12   Next: 45%
Magic:  0/21       EV:  7    Int:  8    God:
Gold:   420        SH: 19    Dex: 10    Spells: 11/11 levels left

rFire    . . .     SeeInvis +   V - +2 war axe (drain)
rCold    . . .     Gourm    .   X - +0 tower shield
rNeg     . . .     Faith    .   r - +0 chain mail
rPois    .         Spirit   +   (helmet unavailable)
rElec    .         Reflect  .   A - scarf {repulsion}
rCorr    .         Harm     .   U - +0 pair of gloves
MR       +....                  b - +0 pair of boots
Stlth    ..........             I - amulet of guardian spirit
HPRegen  0.26/turn              g - ring of magical power
MPRegen  0.17/turn              z - +3 ring of protection

@: mighty, studying 2 skills, repel missiles
A: permanent stasis, dig shafts and tunnels, four strong arms, antennae 3
a: Dig, Shaft Self


You were on level 10 of the Dungeon.
You were very hungry.

You visited 1 branch of the dungeon, and saw 11 of its levels.
You also visited: Ossuary.

You collected 810 gold pieces.
You spent 390 gold pieces at shops.

Inventory:

Hand Weapons
 q - a +0 battleaxe
 s - a +2 mace of protection
 y - a +3 mace of protection
 V - a +2 war axe of draining (weapon)
Missiles
 l - 267 stones (quivered)
Armour
 b - a +0 pair of boots (worn)
 r - a +0 chain mail (worn)
 A - a scarf of repulsion (worn)
 U - a +0 pair of gloves (worn)
 X - a +0 tower shield (worn)
Jewellery
 g - a ring of magical power (left hand)
 z - a +3 ring of protection (right hand)
 G - an uncursed amulet of harm
 I - an amulet of guardian spirit (around neck)
Wands
 a - a wand of acid (5)
 m - a wand of disintegration (17)
 v - a wand of flame (11)
 N - a wand of random effects (53)
Scrolls
 j - a scroll of noise {unknown}
 w - a scroll of magic mapping {unknown}
 x - a scroll of fear {unknown}
 B - 7 scrolls of remove curse
 C - 4 scrolls of enchant armour
 D - 8 scrolls of teleportation
 F - 2 scrolls of fog {unknown}
 H - 2 scrolls of identify
 K - a scroll of amnesia {unknown}
 M - 3 scrolls of blinking {unknown}
 P - a scroll of random uselessness {unknown}
 W - 2 scrolls of enchant weapon
Potions
 c - a potion of mutation {unknown}
 e - 2 potions of curing
 h - 5 potions of degeneration
 k - a potion of resistance
 n - 3 potions of flight
 o - a potion of stabbing
 p - a potion of lignification
 t - a potion of haste {unknown}
 u - a potion of invisibility {unknown}
 E - a potion of cancellation {unknown}
Books
 J - a manual of Charms
 R - a manual of Crossbows
Comestibles
 f - 25 rations


   Skills:
 + Level 10.9 Fighting
 * Level 6.1(8.3) Axes
 - Level 8.6(9.5) Maces & Flails
 + Level 10.8 Armour
 + Level 11.7 Shields


You had 11 spell levels left.
You didn't know any spells.
Your spell library contained the following spells:

 Spells                   Type           Power        Failure   Level  Hunger
 Animate Skeleton         Necr           N/A          99%         1    ##.....
 Apportation              Tloc           #.....       99%         1    ##.....
 Corona                   Hex            #......      99%         1    ##.....
 Magic Dart               Conj           #...         99%         1    ##.....
 Summon Small Mammal      Summ           #...         99%         1    ##.....
 Searing Ray              Conj           #.....       99%         2    ###....
 Dazzling Flash           Conj/Hex       #.....       100%        3    ####...
 Fulminant Prism          Conj/Hex       #.........   100%        4    #####..
 Iskenderun's Mystic Bla  Conj/Tloc      #.......     100%        4    #####..


Dungeon Overview and Level Annotations

Branches:
Dungeon (11/15)            Temple (0/1) D:6            Lair (0/6) D:10
Ossuary (visited)
    Orc: D:9-12

Altars:
Dithmenos
Elyvilon
Fedhas
Hepliaklqana
Makhleb
Nemelex Xobeh
Okawaru
Ru
Sif Muna
Wu Jian
The Shining One

Shops:
D:8 %   D:10 ?

Annotations:
D:10 1 transporter, manon's ghost, journeyman FoFi


Innate Abilities, Weirdness & Mutations

You cannot be hasted, slowed, berserked, paralysed or teleported.
You can dig through walls and to a lower floor.
Your four strong arms can wield two-handed weapons with a shield.
You have a pair of large antennae on your head. (SInv)


Message History

The manticore claws you but does no damage.
You barely miss manon's ghost.
Manon's ghost is severely damaged.
You closely miss the killer bee. You slash the manticore!
You drain the manticore.
Your chain mail prevents you from hitting the killer bee.
You closely miss the moth of wrath. You block the killer bee's attack. x2
The moth of wrath goads the manticore on!
The manticore goes berserk!
The moth of wrath goads the killer bee on!
The killer bee goes berserk!
The moth of wrath goads the killer bee on!
The killer bee goes berserk!
You block the killer bee's attack. The killer bee closely misses you.
You block manon's ghost's attack. The manticore bites you!
* * * LOW HITPOINT WARNING * * *
The manticore claws you!
* * * LOW HITPOINT WARNING * * *
The manticore claws you!
You die...

.........#####...#.###.....'.....
..##.#########.#.#.....#####.....
.###.# ##.........)##### #.....
.# #.# ##..###©####.....# #.....
## #.# #..##W### .#####.## #.....
# #.# #.##..... #....#..# ##†###
# #.# #.#....#. [#/..##.# #.#
##.###.#..##.y#......#.# #.#
#..##..#©..#tH@y.##.l#.# #.#
###'###.##.#...yW#.....#.# #.#
........#....###[..##.##.# #.###
........##..#y$)[$....#..# #...#
.........###. #####..##.## ###.#
...........####.©.####..# #.#
........##.............## #..
........#######..####### ##.
#'####### #..## #.


You could see a manticore (berserk), a moth of wrath, a crocodile, 2 killer bees
and manon's ghost.

Vanquished Creatures
  Gastronok (D:8)
  Erica (D:11)
  2 two-headed ogres
  A wolf spider (D:10)
  An elephant (D:10)
  A centaur zombie (D:11)
  Joseph (D:9)
  Psyche (D:8)
  2 gargoyles (D:10)
  Maggie (D:7)
  A komodo dragon (D:10)
  A troll (D:11)
  Grinder (D:4)
  A hippogriff (D:10)
  Prince Ribbit (D:7)
  Grum (D:8)
  3 yaks (D:10)
  A basilisk (D:10)
  Menkaure (D:7)
  A soldier ant (D:10)
  2 ice beasts
  4 orc warriors
  A sky beast (D:10)
  2 phantoms
  2 necrophages
  4 ogres
  8 centaurs
  2 wolves (D:8)
  A crocodile (D:10)
  8 bullfrogs
  4 scorpions
  6 killer bees (D:10)
  13 wights
  4 howler monkeys
  4 crimson imps
  3 quasits
  3 orc priests
  7 hounds
  Crazy Yiuf (D:2)
  2 bullfrog skeletons
  A bullfrog zombie (D:8)
  A jelly (D:5)
  3 centaur skeletons
  16 orc wizards
  Jessica (D:2)
  A gnoll shaman (D:10)
  Terence (D:2)
  Natasha (thrice) (D:2)
  5 iguanas
  8 worker ants
  2 hound zombies (D:5)
  2 hound skeletons
  8 mummies (Ossuary)
  A howler monkey zombie (D:6)
  A worker ant zombie (D:9)
  A howler monkey skeleton (D:7)
  4 adders
  20 gnolls
  3 shadow imps
  An ooze (D:4)
  3 adder skeletons (D:4)
  3 adder zombies
  4 dart slugs
  5 leopard geckos
  37 orcs
  A ball python (D:4)
  8 bats
  3 giant cockroaches
  3 gnoll zombies (Ossuary)
  11 goblins
  6 hobgoblins
  22 jackals
  7 quokkas
  3 frilled lizards
  A goblin zombie (D:8)
  3 hobgoblin zombies (Ossuary)
  10 kobolds
  2 kobold zombies (Ossuary)
  A quokka skeleton (D:4)
  9 rats
330 creatures vanquished.

Vanquished Creatures (others)
  A fungus (D:10)
  A plant (D:10)
2 creatures vanquished.

Grand Total: 332 creatures vanquished

Notes
Turn   | Place    | Note
-------+----------+-------------------------------------------
     0 | D:1      | Razoi the Formicid Fighter began the quest for the Orb.
     0 | D:1      | Reached XP level 1. HP: 18/18 MP: 1/1
   231 | D:1      | Reached XP level 2. HP: 24/24 MP: 2/2
   683 | D:1      | Reached skill level 4 in Shields
   683 | D:1      | Reached XP level 3. HP: 29/29 MP: 3/3
   980 | D:2      | Noticed Natasha
   988 | D:2      | Killed Natasha
   988 | D:2      | Reached XP level 4. HP: 33/37 MP: 4/4
  1005 | D:2      | Noticed Jessica
  1077 | D:2      | Killed Jessica
  1251 | D:2      | Reached XP level 5. HP: 42/42 MP: 5/5
  1274 | D:2      | Noticed Natasha
  1282 | D:2      | Killed Natasha
  1289 | D:2      | Noticed Natasha
  1309 | D:2      | Killed Natasha
  1515 | D:2      | Noticed Terence
  1531 | D:2      | Killed Terence
  1797 | D:2      | Found a runed translucent door.
  1798 | D:2      | Noticed Crazy Yiuf
  1853 | D:2      | Killed Crazy Yiuf
  1853 | D:2      | Reached XP level 6. HP: 39/49 MP: 6/6
  2055 | D:3      | Reached skill level 5 in Shields
  2466 | D:3      | Found a burning altar of Makhleb.
  2790 | D:3      | Found a white marble altar of Elyvilon.
  2909 | D:3      | Found an iron altar of Okawaru.
  3126 | D:3      | Found a faded altar of an unknown god.
  3244 | D:4      | Noticed an ogre
  3268 | D:4      | Killed an ogre
  3268 | D:4      | Reached skill level 5 in Fighting
  3268 | D:4      | Reached skill level 5 in Armour
  3268 | D:4      | Reached XP level 7. HP: 15/56 MP: 7/7
  3630 | D:4      | Noticed Grinder
  3660 | D:4      | Killed Grinder
  3660 | D:4      | Reached skill level 6 in Shields
  3728 | D:4      | Reached XP level 8. HP: 63/63 MP: 8/8
  4444 | D:4      | Found a hazy altar of Hepliaklqana.
  4619 | D:5      | Entered Level 5 of the Dungeon
  4780 | D:5      | Reached skill level 5 in Maces & Flails
  4997 | D:5      | Reached skill level 7 in Shields
  5049 | D:5      | Found a blossoming altar of Fedhas.
  5414 | D:6      | Reached XP level 9. HP: 71/71 MP: 9/9
  5586 | D:6      | Found a staircase to the Ecumenical Temple.
  5605 | D:6      | Found a sparkling altar of Nemelex Xobeh.
  5647 | D:6      | Found a shadowy altar of Dithmenos.
  6041 | D:7      | Noticed Maggie
  6088 | D:7      | Killed Maggie
  6088 | D:7      | Reached skill level 8 in Shields
  6529 | D:7      | Noticed Prince Ribbit
  6532 | D:7      | Found an ornate altar of the Wu Jian Council.
  6589 | D:7      | Killed Prince Ribbit
  6953 | D:7      | Noticed Menkaure
  6965 | D:7      | Killed Menkaure
  6965 | D:7      | Reached XP level 10. HP: 80/80 MP: 10/10
  7609 | D:7      | Found a shimmering blue altar of Sif Muna.
  7686 | D:8      | Noticed Grum
  7707 | D:8      | Noticed a two-headed ogre
  7708 | D:8      | Killed Grum
  7708 | D:8      | Reached skill level 9 in Shields
  7722 | D:8      | Killed a two-headed ogre
  8103 | D:8      | Found a sand-covered staircase.
  8113 | Ossuary  | Entered an ossuary
  8338 | D:8      | Noticed Psyche
  8362 | D:8      | HP: 4/83 [bullfrog (6)]
  8373 | D:8      | Killed Psyche
  8387 | D:8      | Found Cacen's Food Boutique.
  8675 | D:8      | Reached skill level 10 in Shields
  8745 | D:8      | Noticed Gastronok
  8766 | D:8      | Killed Gastronok
  8766 | D:8      | Reached XP level 11. HP: 56/90 MP: 11/11
  9125 | D:8      | Bought a ration for 65 gold pieces
  9125 | D:8      | Bought a ration for 65 gold pieces
  9125 | D:8      | Bought a ration for 65 gold pieces
  9125 | D:8      | Bought a ration for 65 gold pieces
  9125 | D:8      | Bought a ration for 65 gold pieces
  9125 | D:8      | Bought a ration for 65 gold pieces
  9246 | D:9      | Noticed Joseph
  9264 | D:9      | Killed Joseph
  9264 | D:9      | Reached skill level 1 in Axes
  9648 | D:9      | Found a sacrificial altar of Ru.
  9649 | D:9      | Found a glowing golden altar of the Shining One.
  9892 | D:10     | Entered Level 10 of the Dungeon
  9892 | D:10     | Found Xeiwnid's Magic Scroll Emporium.
  9892 | D:10     | Noticed a two-headed ogre
 10358 | D:10     | Found a staircase to the Lair.
 10358 | D:10     | Noticed an elephant
 10388 | D:10     | Killed an elephant
 10388 | D:10     | Reached skill level 10 in Fighting
 10396 | D:10     | Reached skill level 10 in Armour
 10844 | D:10     | Reached skill level 11 in Shields
 10971 | D:10     | Found a transporter.
 10973 | D:10     | Noticed a wolf spider
 10973 | D:10     | Noticed manon's ghost (journeyman FoFi)
 10975 | D:10     | Noticed a manticore
 11034 | D:10     | Found a transporter.
 11072 | D:10     | Killed a two-headed ogre
 11100 | D:10     | Reached XP level 12. HP: 64/98 MP: 11/12
 11476 | D:11     | Noticed Erica
 11540 | D:11     | Killed Erica
 11540 | D:11     | Reached skill level 5 in Axes
 12427 | D:10     | Slain by a manticore

Levels and vault maps discovered:
D:1:      scummos_arrival_gate, layout_loops_corners
D:2:      layout_basic, first_ration, uniq_crazy_yiuf_cottage, uniq_natasha,
          uniq_jessica, uniq_terence
D:3:      layout_loops_corners, elyvilon_altar_4, okawaru_altar_gauntlet_db,
          chequers_ecumenical_altar_lobes, hex_large, makhleb_heckhound_becter
D:4:      layout_basic, lemuel_round_altar, minmay_manual_mess, uniq_grinder
D:5:      layout_loops_ring, fedhas_ov_isle_minmay, minmay_manual_mares
D:6:      layout_rooms, nicolae_dithmenos_through_a_glass_darkly,
          kennysheep_mini_moat, temple_fountains, chequers_arboretum,
          minmay_misc_feat_hallway
D:7:      layout_basic, minitemple, uniq_prince_ribbit1, uniq_maggie,
          uniq_menkaure
D:8:      layout_loops_cross, enter_ossuary_3, serial_shops, shop,
          uniq_gastronok, uniq_psyche, uniq_grum
D:9:      layout_irregular_city, nicolae_overflow_hidden_temple, uniq_joseph
D:10:     layout_roguey, david_lair_generic, gammafunk_ghost_berserking_beasts,
          serial_shops, nicolae_shop_temple_entry_statues_fountains
D:11:     layout_cave_pools, gauntlet_entry_generic, uniq_erica

Skill      XL: |  1  2  3  4  5  6  7  8  9 10 11 12 |
---------------+-------------------------------------+-----
Shields        | 4 5 6 7 8 10 11 | 11.7
Fighting       | 4 5 6 7 9 10 | 10.9
Armour         | 4 5 6 7 9 10 | 10.8
Maces & Flails | 3 4 5 6 8 |  8.6
Axes           | 4 6 |  6.1

Action                   |  1- 3 |  4- 6 |  7- 9 | 10-12 || total
-------------------------+-------+-------+-------+-------++-------
Melee: Flail             |    48 |    33 |       |       ||    81
       Mace              |       |   181 |   433 |       ||   614
       War axe           |       |       |    64 |   605 ||   669
       Unarmed           |       |       |       |     4 ||     4
       Battleaxe         |       |       |       |    26 ||    26
 Abil: Dig               |       |     5 |     8 |    16 ||    29
  Use: Scroll            |       |     2 |     1 |     6 ||     9
       Potion            |       |       |       |    12 ||    12
  Eat: Chunk             |       |     5 |    13 |    14 ||    32
       Ration            |       |     1 |       |     2 ||     3
Armor: Scale mail        |    19 |    10 |       |       ||    29
       Chain mail        |       |   109 |   193 |   221 ||   523
Dodge: Dodged            |     8 |    60 |    99 |   143 ||   310
       Deflected         |       |     2 |     4 |     3 ||     9
Block: Kite shield       |    24 |   125 |   188 |       ||   337
       Tower shield      |       |       |    76 |   558 ||   634

Table legend:
 A = Non-vault XP
 B = Vault XP
 C = Vault XP percentage of total XP
 D = Non-vault monster count
 E = Vault monster count
 F = Vault count percentage of total count
                 A         B        C        D         E       F
            +---------+---------+-------+---------+---------+-------
      Total |   11996 |    8610 |  41.8 |     277 |      53 |  16.1
            +---------+---------+-------+---------+---------+-------
        D:1 |      32 |       0 |   0.0 |      16 |       0 |   0.0
        D:2 |     123 |     150 |  54.9 |      24 |       4 |  14.3
        D:3 |      45 |      66 |  59.5 |      26 |       7 |  21.2
        D:4 |     418 |     368 |  46.8 |      33 |       4 |  10.8
        D:5 |     556 |     220 |  28.4 |      21 |       2 |   8.7
        D:6 |     637 |       0 |   0.0 |      21 |       0 |   0.0
        D:7 |     796 |     797 |  50.0 |      20 |       3 |  13.0
        D:8 |    2531 |    3216 |  56.0 |      36 |       6 |  14.3
        D:9 |     501 |     471 |  48.5 |      13 |       1 |   7.1
       D:10 |    4455 |    2296 |  34.0 |      46 |       9 |  16.4
       D:11 |    1902 |     869 |  31.4 |      21 |       1 |   4.5
    Ossuary |       0 |     157 | 100.0 |       0 |      16 | 100.0
            +---------+---------+-------+---------+---------+-------
